 Dungeon Crawl Stone Soup version 0.28.0-53-g5a82cb258f (webtiles) character file.

Game seed: 8274134870296053339

853 SanguineChosen the Cudgeller (level 8, -1/48 HPs)
             Began as a Gargoyle Fighter on July 5, 2022.
             Slain by Duvessa
             ... wielding a +5 short sword of freezing
              (10 damage)
             ... on level 5 of the Dungeon.
             The game lasted 00:19:13 (5822 turns).

SanguineChosen the Cudgeller (Gargoyle Fighter)     Turns: 5822, Time: 00:19:14

Health: -1/48      AC: 13    Str: 21    XL:     8   Next: 1%
Magic:  8/8        EV:  9    Int: 10    God:
Gold:   200        SH:  4    Dex:  9    Spells: 7/7 levels left

rFire   . . .      SeeInvis .   a - +1 flail
rCold   . . .      Faith    .   c - +0 buckler
rNeg    + . .      Spirit   .   b - +0 scale mail
rPois   ∞          Reflect  .   (no helmet)
rElec   +          Harm     .   n - scarf {repulsion}
rCorr   .          Rampage  .   (no gloves)
Will    .....                   (no boots)
Stlth   ..........              (no amulet)
HPRegen 0.16/turn               (no ring)
MPRegen 0.11/turn               (no ring)

@: repel missiles
A: sickness immunity, AC +5, negative energy resistance 1, electricity
resistance, torment resistance 1, petrification resistance
a: no special abilities


You were on level 5 of the Dungeon.
You visited 1 branch of the dungeon, and saw 5 of its levels.

You collected 200 gold pieces.

Inventory:

Hand Weapons
 a - a +1 flail (weapon)
Missiles
 f - 2 poisoned darts (quivered)
Armour
 b - a +0 scale mail (worn)
 c - a +0 buckler (worn)
 n - a scarf of repulsion (worn)
Jewellery
 l - a +6 ring of intelligence
 p - a ring of protection from fire
Potions
 r - a potion of ambrosia {unknown}


   Skills:
 + Level 4.8 Fighting
 + Level 5.9 Maces & Flails
 + Level 0.1 Throwing
 + Level 5.5 Armour
 + Level 1.8 Dodging
 + Level 0.7 Stealth
 + Level 4.5 Shields


You had 7 spell levels left.
You didn't know any spells.
Your spell library contained the following spells:

 Spells                   Type           Power      Damage    Failure   Level
 Beastly Appendage        Tmut           0%         N/A       77%         1
 Foxfire                  Conj/Fire      0%         2x1d4     77%         1
 Magic Dart               Conj           0%         1d3       77%         1
 Slow                     Hex            0%         N/A       77%         1
 Searing Ray              Conj           0%         2d4       88%         2
 Wereblood                Tmut           0%         N/A       88%         2
 Confusing Touch          Hex            0%         N/A       98%         3
 Spider Form              Tmut/Pois      0%         N/A       98%         3
 Vampiric Draining        Necr           0%         2d6       98%         3
 Fulminant Prism          Conj/Hex       0%         3d6       100%        4
 Petrify                  Tmut/Erth      0%         N/A       100%        4
 Sticky Flame             Conj/Fire      0%         2d3       100%        4
 Irradiate                Conj/Tmut      0%         3d13      100%        5
 Iskenderun's Battlesphe  Conj           0%         2d6       100%        5
 Death Channel            Necr           0%         N/A       100%        6
 Sublimation of Blood     Necr           Unusable   N/A       N/A         2

Dungeon Overview and Level Annotations

Branches:
Dungeon (5/15)
 Temple: D:4-7

Altars:
Xom

Shops:
D:2 *   D:4 (

Annotations:
D:5 Dowan, Duvessa


Innate Abilities, Weirdness & Mutations

You are immune to sickness and miasma.
Your stone body is resilient. (AC +5)
You are immune to poison.
You resist negative energy. (rN+)
You are resistant to electric shocks. (rElec)
You are resistant to unholy torment.
You are immune to petrification.


Message History

Done waiting.
There is a stone staircase leading down here.
You climb downwards.
Level annotation: Dowan, Duvessa The adder bites you.
You block the bullfrog skeleton's attack.
You block the howler monkey's attack. The adder bites you but does no damage.
Duvessa hits you with a +5 short sword of freezing.
Duvessa freezes you.
The bullfrog skeleton hits you but does no damage.
There is a stone staircase leading up here.
You completely miss Duvessa. The howler monkey barely misses you.
You block the adder's attack.
Duvessa hits you with a +5 short sword of freezing.
Duvessa freezes you.
The bullfrog skeleton hits you but does no damage.
The adder closely misses you.
The howler monkey hoots and howls with incredible vigour!
Duvessa hits you with a +5 short sword of freezing.
Duvessa freezes you.
You hear a shout!
You hear a bark!
You hear a shout! x2
You closely miss Duvessa.
The bullfrog skeleton hits you but does no damage.
The orc hits you but does no damage. The adder bites you but does no damage.
The howler monkey hits you.
You block the bullfrog skeleton's attack.
Duvessa barely misses you.
You closely miss Duvessa. The adder completely misses you.
The howler monkey hits you. The orc barely misses you.
The bullfrog skeleton closely misses you.
You block the adder's attack.
Duvessa hits you with a +5 short sword of freezing!
* * * LOW HITPOINT WARNING * * *
Duvessa freezes you.
* * * LOW HITPOINT WARNING * * *
The howler monkey closely misses you. You block the orc's attack.
The bullfrog skeleton barely misses you.
The adder barely misses you. You block the howler monkey's attack.
Duvessa hits you with a +5 short sword of freezing!
You die...

.# .. .#### # .....
...###.# ......
....#.###. ......
##......... ....S(
##.e.......(
......##...@h......
..........SZo......
...................
#.............e....
#..................
#.......#.........<
#.......##..o...>..
#.
#[......##...###..#
... #.......##...#
#.. ..#


You could see Duvessa, Dowan, a howler monkey, an orc wizard, an adder, an orc
and a bullfrog skeleton.

Vanquished Creatures
  Grinder (D:4)
  2 phantoms (D:4)
  A bullfrog (D:3)
  A centaur skeleton (D:4)
  A gnoll shaman (D:4)
  A bullfrog skeleton (D:4)
  An orc priest (D:4)
  2 iguanas (D:4)
  Natasha (thrice) (D:2)
  An orc wizard (D:3)
  4 gnolls (D:4)
  5 adders
  An ufetubus (D:4)
  3 dart slugs (D:1)
  11 orcs
  9 ball pythons
  9 endoplasms
  3 giant cockroaches
  9 hobgoblins
  8 jackals
  3 quokkas
  5 bats
  4 frilled lizards
  9 goblins
  6 kobolds
  A quokka skeleton (D:4)
  6 rats
110 creatures vanquished.

Vanquished Creatures (others)
  4 plants (D:2)
4 creatures vanquished.

Grand Total: 114 creatures vanquished

Notes
Turn   | Place    | Note
-------+----------+-------------------------------------------
     0 | D:1      | SanguineChosen the Gargoyle Fighter began the quest for the
                  | Orb.
     0 | D:1      | Reached XP level 1. HP: 14/14 MP: 1/1
     8 | D:1      | You fall into a shaft and drop 1 floor!
   287 | D:1      | Found a faded altar of an unknown god.
   290 | D:1      | Reached XP level 2. HP: 19/19 MP: 2/2
   590 | D:1      | Reached XP level 3. HP: 20/24 MP: 3/3
   688 | D:1      | Got the Volume of Excruciating Evil Rites
  1485 | D:2      | Reached XP level 4. HP: 27/29 MP: 4/4
  1495 | D:2      | Noticed Natasha
  1516 | D:2      | Killed Natasha
  1744 | D:2      | Found Emehu's Assorted Antiques.
  1744 | D:2      | Noticed Natasha
  1768 | D:2      | Killed Natasha
  1812 | D:2      | Reached XP level 5. HP: 33/33 MP: 5/5
  1928 | D:2      | Noticed Natasha
  1936 | D:2      | Killed Natasha
  2009 | D:2      | Found a shimmering altar of Xom.
  2120 | D:3      | Reached skill level 1 in Dodging
  2293 | D:3      | Reached XP level 6. HP: 30/38 MP: 6/6
  3339 | D:4      | Found Duradaxu's Weapon Shoppe.
  4224 | D:4      | Reached XP level 7. HP: 29/44 MP: 7/7
  4544 | D:4      | Noticed Grinder
  4559 | D:4      | Killed Grinder
  4560 | D:4      | Reached skill level 5 in Maces & Flails
  4560 | D:4      | Reached skill level 5 in Armour
  5134 | D:4      | Reached XP level 8. HP: 48/48 MP: 8/8
  5364 | D:5      | Entered Level 5 of the Dungeon
  5364 | D:5      | Noticed Duvessa
  5364 | D:5      | Noticed Dowan
  5401 | D:5      | HP: 1/48 [Duvessa/+5 short sword of freezing (4)]
  5822 | D:5      | Slain by Duvessa

Illustrated notes

Levels and vault maps discovered:
D:1:      nzn_arrival_settlement, layout_rooms,
          ebering_ecumenical_altar_abandoned
D:2:      layout_basic, serial_shops, nicolae_shop_overgrown_old_shop,
          basic_altar, uniq_natasha
D:3:      wander_river, layout_basic
D:4:      layout_loops_corners, serial_shops, nicolae_shop_advertising_works
          [nicolae_subvault_shop_adworks], uniq_grinder
D:5:      layout_rooms, uniq_blork_the_orc, uniq_duvessa

Skill      XL: |  1  2  3  4  5  6  7 |
---------------+----------------------+-----
Maces & Flails | 3 4 5 |  5.9
Armour         | 4 5 |  5.5
Fighting       | 4 |  4.8
Shields        | 4 |  4.5
Dodging        | 1 |  1.8
Throwing       | |  0.1
Stealth        | |  0.7

Action                   |  1- 3 |  4- 6 |  7- 9 || total
-------------------------+-------+-------+-------++-------
Melee: Flail             |   130 |   249 |   113 ||   492
Throw: Dart              |       |     2 |       ||     2
  Use: Potion            |       |     5 |     4 ||     9
       Scroll            |       |       |     9 ||     9
Armor: Scale mail        |    88 |   142 |    73 ||   303
Dodge: Dodged            |    56 |   124 |    72 ||   252
Block: Buckler           |    31 |    50 |    27 ||   108
